 Dungeon Sprint DCSS version 0.30.0-17-ge0270778cf (webtiles) character file.

Game seed: 9207572322747259861

5 Arex the Chopper (level 1, -1/20 HPs)
             Began as a Minotaur Berserker on May 21, 2023.
             Was a Believer of Trog.
             Slain by an ufetubus (3 damage)
             ... in the Dungeon (Sprint IX: "|||||||||||||||||||||||||||||").
             The game lasted 00:00:11 (26 turns).

Arex the Chopper (Minotaur Berserker)                 Turns: 26, Time: 00:00:11

Health: -1/20      AC:  2    Str: 21    XL:     1   Next: 66%
Magic:  0/0        EV: 12    Int:  4    God:    Trog [**....]
Gold:   0          SH:  0    Dex:  9    Spells: 0/0 levels left

rFire   . . .        a - +0 hand axe
rCold   . . .        (no shield)
rNeg    . . .        b - +0 animal skin
rPois   .            (helmet restricted)
rElec   .            (no cloak)
rCorr   .            (no gloves)
SInv    .            (no boots)
Will    .....        (no amulet)
Stlth   +            (no ring)
HPRegen 0.23/turn    (no ring)
MPRegen 0.07/turn

%: no teleportation
@: no status effects
A: horns 2, retaliatory headbutt
a: Renounce Religion, Berserk, Trog's Hand


You were in the Dungeon.
You worshipped Trog.
Trog was pleased with you.
You visited 1 branch

Inventory:

Hand Weapons
 a - a +0 hand axe (weapon)
Armour
 b - a +0 animal skin (worn)
Scrolls
 h - a scroll of blinking
Potions
 c - a potion of curing
 d - a potion of heal wounds
 e - a potion of haste
 f - 2 potions of magic
 g - a potion of berserk rage


   Skills:
 + Level 4.2 Fighting
 + Level 4.2 Axes
 + Level 3.1 Armour
 + Level 2.8 Dodging


You couldn't memorise any spells.
You didn't know any spells.
Your spell library was empty.

Dungeon Overview and Level Annotations

Branches:
Dungeon (1/1) Zot: 27000

Altars:


Innate Abilities, Weirdness & Mutations

You have a pair of horns on your head.
You reflexively headbutt those who attack you in melee.


Message History

There is an open door to the Dungeon here.
Things that are here:
a frilled lizard corpse; a hobgoblin corpse; a ball python corpse You hit the rat.
The rat is moderately wounded.
The rat barely misses you.
You hit the rat.
You kill the rat!
Trog accepts your kill.
No target in view!
No target in view!
No target in view!
No target in view!
No target in view!
No target in view!
No target in view!
No target in view!
No target in view!
No target in view!
No target in view!
No target in view!
No target in view!
No target in view!
You see here a rat corpse.
You open the door.
A phantom, an iguana, an ogre and 2 ufetubi come into view.
The ufetubus shouts!
The iguana hisses angrily.
The ogre shouts!
The ufetubus shouts!
You barely miss the ufetubus. Your headbutt misses the ufetubus.
The ufetubus closely misses you. x2
The ufetubus hits you but does no damage.
The ufetubus hits you.
You closely miss the ufetubus. The ufetubus hits you. The ufetubus misses you.
You barely miss the ufetubus. The ufetubus hits you. x3
* * * LOW HITPOINT WARNING * * *
The ufetubus hits you.
* * * LOW HITPOINT WARNING * * *
Unknown command.
The ufetubus barely misses you. The ufetubus hits you.
You die...

▓<▓
▓.▓
▓.▓
▓.▓
▓†▓
▓†▓
▓.▓
▓.▓
▓@▓
▓5▓
▓W▓
▓.▓
▓l▓
▓O▓
▓5▓
▓.▓
▓+▓


You could see an ogre, a phantom, an iguana and 2 ufetubi.

Vanquished Creatures
  A ball python (D)
  An endoplasm (D)
  A hobgoblin (D)
  A frilled lizard (D)
  A rat (D)
5 creatures vanquished.

Notes
Turn   | Place    | Note
-------+----------+-------------------------------------------
     0 | D        | Arex the Minotaur Berserker began the quest for the Orb.
     0 | D        | Reached XP level 1. HP: 19/19 MP: 0/0
     9 | D        | Reached ** piety under Trog
    22 | D        | Noticed a phantom
    22 | D        | Noticed an iguana
    22 | D        | Noticed an ogre
    26 | D        | Slain by an ufetubus

Illustrated notes

Levels and vault maps discovered:
D:        linesprint [early_d, line_temple, items_1, d_10, items_2, lair_1,
          lair_end, items_3, orc_1, orc_end, items_4, d_15, swamp_1, shoals_1,
          snake_1, spider_1, d_20, vaults_1, items_5, swamp_end, shoals_end,
          snake_end, spider_end, vaults_end, d_27, items_6, zot_1, zot_end,
          crypt_end, forest_end, elf_end, slime_end, tomb_end, abyss_end,
          pan_hell_end]

Skill      XL: |  1 |
---------------+----+-----
Fighting       | 4 |  4.2
Axes           | 4 |  4.2
Armour         | 3 |  3.1
Dodging        | |  2.8

Action                     || total
---------------------------++-------
  Melee: Hand axe          ||    15
         Headbutt          ||     1
         Punch             ||     1
 Armour: Animal skin       ||     4
  Dodge: Dodged            ||    11
